Map: Ruins of Seras

Players

lesha - Winner!

  • Race: Terran Terran
  • League: Silver

Pain

  • Race: Zerg Zerg
  • League: Silver

VOD

Have the link to the VOD?

Description

Time

  • Played on: Dec. 30, 2015, 8:48 a.m.
  • Length: 16:50
Show
View Real Time Build Order
Export as new Build Order

lesha Terran - Winner!

Build Orders: Reaper Expand, MMM Bio 

Get SALT Encoding   

  12  0:06  SCV  
  13  0:18  SCV  
  14  0:23  Supply Depot  
  14  0:30  SCV  
  14  0:34  Refinery  
  15  0:45  SCV  
  15  0:47  Barracks  
  17  0:57  SCV  
  17  1:09  SCV  
  18  1:21  SCV  
  19  1:34  Reaper  
  19  1:37  Orbital Command  
  20  1:49  Command Center  
  20  2:05  SCV  
  21  2:09  Refinery  
  21  2:12  Barracks Reactor  
  21  2:16  Barracks  
  21  2:23  Supply Depot  
  21  2:27  SCV  
  22  2:39  SCV  
  22  2:41  Factory  
  23  2:50  Marine x2  
  25  3:05  SCV, Barracks  
  27  3:06  Orbital Command  
  26  3:17  SCV  
  27  3:21  Bunker  
  27  3:25  Barracks Reactor  
  27  3:28  Factory Tech Lab  
  27  3:29  SCV  
  27  3:34  Marine  
  28  3:35  Marine  
  28  3:39  SCV  
  31  3:48  Siege Tank  
  34  3:56  SCV x2  
  36  4:03  Starport  
  36  4:06  Marine x2  
  38  4:12  SCV x2  
  38  4:15  Marine x2  
  42  4:29  Supply Depot  
  42  4:31  Supply Depot  
  42  4:33  SCV x2  
  42  4:37  Supply Depot, Marine x2  
  42  4:38  Barracks Tech Lab  
  46  4:40  Starport Reactor  
  46  4:50  SCV x2, Marine  
  49  4:53  Marine  
  50  5:00  Marine x2  
  50  5:03  Marine  
  50  5:05  Stimpack  
  53  5:09  Marine  
  53  5:11  Marine  
  55  5:18  Supply Depot, Marine x2  
  55  5:21  Refinery, Marine  
  57  5:22  Refinery  
  57  5:27  Marine  
  59  5:28  Engineering Bay  
  59  5:33  Marine  
  59  5:35  Medivac x2  
  64  5:36  Marine  
  64  5:40  Marine x2  
  67  5:49  Barracks  
  67  5:50  Marine  
  67  5:54  SCV  
  67  5:55  SCV  
  70  6:09  SCV x2  
  72  6:19  Marine x3  
  72  6:20  Marine  
  72  6:24  Medivac  
  78  6:36  Supply Depot  
  78  6:38  Supply Depot  
  78  6:39  Terran Infantry Weapons Level 1  
  78  6:50  Marine  
  78  6:52  Medivac  
  77  7:05  Combat Shields  
  77  7:21  Marine x2  
  77  7:22  Marine x2  
  82  7:29  Marine  
  72  7:31  Medivac x2  
  72  7:36  Marine  
  76  7:39  Marine x3  
  76  7:40  Marine  
  80  7:44  Command Center  
  80  7:47  Marine  
  80  7:49  Engineering Bay  
  81  7:51  Armory  
  81  7:53  Siege Tank  
  81  7:54  Marine  
  81  7:57  Marine x2  
  87  8:04  SCV  
  87  8:05  Supply Depot  
  88  8:06  Supply Depot  
  88  8:07  SCV, Supply Depot  
  89  8:14  Marine x2  
  89  8:16  Barracks Reactor  
  89  8:17  Marine  
  94  8:20  Marauder  
  94  8:24  Liberator x2  
  94  8:38  Marine x3  
  94  8:39  Marine  
  94  8:40  Marine  
  100  8:55  Marine x2  
  100  8:56  Marine  
  100  9:02  Marine x3  
  106  9:17  Marine x2  
  106  9:24  Marine  
  106  9:31  Terran Infantry Weapons Level 2, Missile Turret  
  107  9:33  Terran Infantry Armor Level 1, Missile Turret  
  107  9:37  Marine  
  107  9:38  Marine x5  
  111  9:39  Medivac  
  111  9:40  Medivac  
  111  9:41  Siege Tank  
  89  10:17  Marine x2  
  89  10:18  Marine x5  
  90  10:30  Medivac x2  
  90  10:31  Siege Tank  
  90  10:34  SCV  
  90  10:35  SCV, Marine x3  
  100  10:36  Marine x2  
  100  10:37  Orbital Command  
  100  10:42  Marine x2  
  105  10:47  SCV  
  101  10:53  Marine x4  
  93  10:57  Marine  
  93  10:59  Marine  
  93  11:00  Marine  
  93  11:03  Siege Tank  
  99  11:05  Medivac x2  
  99  11:11  Marine x2  
  103  11:18  Liberator x2  
  105  11:23  Barracks  
  105  11:24  Barracks, Marine x2  
  105  11:25  Barracks  
  107  11:28  Barracks, Marine x2  
  107  11:31  Barracks  
  109  11:37  Command Center  
  115  11:43  Command Center  
  103  12:15  Marine x4  
  88  12:16  Marine x2  
  88  12:20  Barracks Tech Lab x3  
  88  12:21  Barracks Tech Lab x2  
  93  12:23  Marauder  
  93  12:30  SCV x3  
  93  12:33  Marine x3  
  99  12:42  SCV x2  
  99  12:43  SCV  
  104  12:44  Marauder  
  104  12:49  SCV  
  104  12:51  Marine x4  
  107  12:52  Marauder x3  
  107  12:53  Marauder  
  107  12:54  SCV x2  
  121  13:05  Marauder  
  114  13:47  Marine x5  
  114  13:48  Marauder x5  
  129  13:49  Marine, Marauder  
  129  13:50  Medivac  
  129  13:51  Medivac  
  129  13:52  Siege Tank  
  139  14:04  Marine x2  
  139  14:05  Marine x2  
  139  14:09  Marauder x3  
  129  14:20  Medivac  
  129  14:38  Marine x2  
  129  14:39  Marauder, Marine x3  
  129  14:40  Marauder x5  
  129  14:41  Marine  
  147  14:52  Orbital Command  
  147  14:55  Orbital Command  
  147  14:56  Marine x4  
  147  14:57  Marine  
  147  14:59  Marine  
  153  15:01  Marauder x5  
  163  15:10  Marauder  
  163  15:14  Marine x3  
  162  15:15  Supply Depot x2  
  162  15:18  Supply Depot  
  162  15:20  Supply Depot  
  165  15:22  Marauder x2  
  169  15:42  Supply Depot  
  164  15:44  Marine x7  
  164  15:45  Marine x5  
  164  15:46  Widow Mine  
  145  16:02  Marine x6  
  145  16:03  Marine x2, Marauder x4  
  129  16:20  Marine x6  
Show
View Real Time Build Order
Export as new Build Order

Pain Zerg 

Build Orders: Hatch First, Lurkers 

Get SALT Encoding   

  12  0:02  Drone  
  13  0:16  Overlord  
  13  0:18  Drone  
  14  0:36  Drone x2  
  14  0:39  Drone  
  17  1:02  Hatchery  
  16  1:07  Drone x2  
  18  1:13  Drone  
  19  1:18  Extractor  
  19  1:22  Spawning Pool  
  19  1:25  Drone  
  18  1:32  Drone  
  19  1:44  Drone  
  20  1:59  Overlord  
  20  2:08  Queen  
  20  2:14  Queen  
  24  2:21  Zergling x2  
  24  2:22  Zergling x2  
  26  2:23  Metabolic Boost  
  26  2:27  Extractor  
  25  2:48  Drone x2  
  25  2:49  Drone  
  27  2:59  Drone x2  
  27  3:00  Drone  
  30  3:06  Overlord  
  30  3:12  Spine Crawler  
  29  3:13  Spore Crawler  
  29  3:14  Drone  
  29  3:15  Drone  
  29  3:18  Drone  
  29  3:19  Drone x2  
  33  3:24  Drone x2  
  35  3:31  Drone x2  
  37  3:35  Overlord  
  37  3:49  Lair  
  37  3:56  Roach Warren  
  37  3:57  Drone x3  
  37  4:00  Drone  
  40  4:05  Drone  
  40  4:06  Drone  
  42  4:37  Roach x5  
  52  4:40  Overlord  
  52  4:41  Overlord  
  52  4:58  Queen  
  54  5:00  Zergling x2  
  54  5:05  Drone  
  54  5:06  Drone x2  
  58  5:08  Drone  
  58  5:09  Drone  
  58  5:11  Extractor  
  59  5:22  Drone x2  
  61  5:34  Queen  
  63  5:36  Roach x2  
  66  6:03  Drone, Spire  
  66  6:04  Drone x3, Infestation Pit  
  66  6:09  Hatchery  
  66  6:10  Extractor  
  66  6:21  Ravager x2  
  68  6:39  Hydralisk Den  
  55  7:33  Mutalisk  
  55  7:34  Mutalisk x8  
  55  7:36  Overlord  
  55  7:37  Overlord  
  73  7:38  Overlord  
  73  7:41  Lurker Den  
  73  7:46  Drone  
  73  7:49  Overlord x3  
  74  8:10  Mutalisk x4  
  82  8:20  Drone  
  82  8:21  Drone  
  82  8:23  Mutalisk x2  
  88  8:42  Mutalisk x2  
  88  8:44  Overlord  
  88  8:45  Overlord x2  
  90  9:02  Roach  
  92  9:03  Roach x9  
  110  9:29  Hydralisk  
  110  9:30  Hydralisk x5  
  122  9:32  Overlord  
  122  9:49  Hydralisk x4  
  122  9:51  Overlord  
  122  9:52  Overlord x2  
  75  10:14  Roach  
  75  10:15  Roach x5  
  75  10:20  Lurker x2  
  69  10:25  Roach  
  69  10:26  Roach  
  69  10:27  Roach  
  63  11:04  Mutalisk  
  63  11:08  Hydralisk  
  63  11:09  Hydralisk x4  
  75  11:32  Hatchery  
  75  11:37  Lurker  
  75  11:41  Hydralisk x5  
  85  11:53  Lurker  
  72  12:25  Roach x6  
  84  12:47  Roach  
  84  12:48  Roach x3  
  92  13:02  Queen  
  68  13:43  Hydralisk x5  
  68  13:44  Hydralisk  
  54  14:33  Corruptor  
  54  14:34  Corruptor x11  
  74  14:42  Spine Crawler  
  74  14:43  Lurker  
  74  14:45  Spine Crawler  
  73  14:54  Lurker  
  22  16:23  Zergling x6  
  22  16:32  Zergling x2  
Tags
 
Add a new tag
Caveats
  • Supply blocks, unpowered buildings, or Contaminate may cause inaccurate times.
  • Supply counts are checked every 10 seconds.